 Dungeon Crawl Stone Soup version 0.24.0-125-gc4c63601f3 (webtiles) character file.

Game seed: 10990834453416842410, levelgen mode: deterministic

858 Gabide the Cudgeler (level 7, -1/55 HPs)
             Began as a Demonspawn Gladiator on Mar 12, 2020.
             Was a Believer of Trog.
             Slain by Edmund
             ... wielding a +0 dire flail of holy wrath
              (13 damage)
             ... on level 4 of the Dungeon.
             The game lasted 00:06:07 (2432 turns).

Gabide the Cudgeler (Demonspawn Gladiator)          Turns: 2432, Time: 00:06:08

Health: -1/55      AC:  7    Str: 16    XL:     7   Next: 71%
Magic:  7/7        EV: 11    Int:  9    God:    Trog [**....]
Gold:   222        SH:  0    Dex: 15    Spells: 6/6 levels left

rFire    . . .     SeeInvis .   a - +2 flail
rCold    . . .     Gourm    .   (no shield)
rNeg     . . .     Faith    .   h - +0 scale mail
rPois    .         Spirit   .   c - +0 helmet
rElec    .         Reflect  .   (no cloak)
rCorr    +         Harm     .   (no gloves)
MR       .....                  (no boots)
Stlth    ..........             (no amulet)
HPRegen  0.18/turn              k - ring of resist corrosion
MPRegen  0.10/turn              (no ring)

@: no status effects
A: hooves 2, demonic guardian 1
a: Berserk, Trog's Hand, Renounce Religion


You were on level 4 of the Dungeon.
You worshipped Trog.
Trog was pleased with you.
You were not hungry.

You visited 1 branch of the dungeon, and saw 4 of its levels.

You collected 222 gold pieces.

Inventory:

Hand Weapons
 a - a +2 flail (weapon)
Missiles
 d - 3 throwing nets (quivered)
Armour
 b - a +0 leather armour
 c - a +0 helmet (worn)
 h - a +0 scale mail (worn)
Jewellery
 k - a ring of resist corrosion (left hand)
 n - an uncursed ring of ice
 y - a cursed ring of attention
Wands
 x - a wand of flame (7)
Scrolls
 m - 2 scrolls of teleportation
 r - 2 scrolls of fear
 s - a scroll of blinking
 t - a scroll of identify
 w - a scroll of immolation {unknown}
Potions
 e - a potion of brilliance {unknown}
 g - a potion of agility {unknown}
 i - a potion of cancellation {unknown}
 j - a potion of lignification {unknown}
 l - 2 potions of magic {unknown}
 o - a potion of might {unknown}
 p - 2 potions of degeneration {unknown}
 q - a potion of berserk rage {unknown}
 u - a potion of curing {unknown}
 v - 2 potions of flight {unknown}
Comestibles
 f - 3 rations


   Skills:
 * Level 4.3 Fighting
 + Level 5.6 Maces & Flails
 + Level 2.0 Throwing
 * Level 3.1 Armour
 + Level 3.8 Dodging
 * Level 2.1 Unarmed Combat


You had 6 spell levels left.
You didn't know any spells.
Your spell library was empty.

Dungeon Overview and Level Annotations

Branches:
Dungeon (4/15)
 Temple: D:4-7

Altars:
Dithmenos
Trog
Vehumet

Annotations:
D:4 Edmund


Innate Abilities, Weirdness & Mutations

You have hoof-like feet.
A weak demonic guardian rushes to your aid.


Message History

a +1 dagger of draining; a +0 chain mail
d - 3 throwing nets (gained 1)
There is a stone staircase leading down here.
Found a short sword.
Edmund the Younger comes into view.
He is wielding a +0 dire flail of holy wrath.
Found a ration.
Edmund hits you with a +0 dire flail of holy wrath!
You convulse!
You are too injured to fight recklessly!
You are too injured to fight recklessly!
You are too injured to fight recklessly!
As you read the scroll of identify, it crumbles to dust.
n - an uncursed ring of ice Edmund misses you.
As you read the scroll of identify, it crumbles to dust.
y - a cursed ring of attention Edmund hits you with a +0 dire flail of holy wrath!
* * * LOW HITPOINT WARNING * * *
You convulse!
You die...

..#..#.......#######
..#...........##...#
..###.###......#...#
.###..# #..........#
##.##)###.........#
##.....##.####...###
#......##.# #.....##
..........# ##.....#
..(........# #..@5###
........#..##....@..#
.#.##.#.#...#.......#
.##.#.#.. .....%......
..
.....................
.
.......##..#..........
. ...
...##.##.......... .
.. ........... .


You could see Edmund and a friendly shadow imp.

Vanquished Creatures
  Pikel (D:4)
  Duvessa (D:4)
  Dowan (D:4)
  A jelly (D:3)
  A hound (D:4)
  A worker ant (D:4)
  Ijyb (D:4)
  A hound skeleton (D:4)
  4 gnolls (D:4)
  2 adders
  A worm (D:3)
  An orc (D:3)
  A ball python (D:3)
  4 bats
  3 giant cockroaches
  3 goblins (D:3)
  5 hobgoblins
  8 jackals
  2 quokkas (D:3)
  5 frilled lizards
  9 kobolds
  2 rats (D:3)
58 creatures vanquished.

Vanquished Creatures (others)
  A centaur skeleton (D:4)
1 creature vanquished.

Grand Total: 59 creatures vanquished

Notes
Turn   | Place    | Note
-------+----------+-------------------------------------------
     0 | D:1      | Gabide the Demonspawn Gladiator began the quest for the
                  | Orb.
     0 | D:1      | Reached XP level 1. HP: 16/16 MP: 1/1
   719 | D:2      | Reached skill level 3 in Maces & Flails
   732 | D:2      | Gained mutation: You have large cloven feet. [demonic
                  | ancestry]
   732 | D:2      | Reached XP level 2. HP: 12/22 MP: 2/2
   878 | D:2      | Found a shadowy altar of Dithmenos.
  1440 | D:3      | Reached XP level 3. HP: 22/28 MP: 3/3
  1583 | D:3      | Found a faded altar of an unknown god.
  1588 | D:3      | Became a worshipper of Trog the Wrathful
  1588 | D:3      | Reached * piety under Trog
  1634 | D:3      | Reached skill level 1 in Armour
  1694 | D:3      | Reached XP level 4. HP: 30/34 MP: 4/4
  1980 | D:4      | Reached skill level 4 in Maces & Flails
  1980 | D:4      | Gained mutation: You have hoof-like feet. [demonic
                  | ancestry]
  1980 | D:4      | Reached XP level 5. HP: 40/40 MP: 5/5
  2008 | D:4      | Reached ** piety under Trog
  2059 | D:4      | Found a radiant altar of Vehumet.
  2079 | D:4      | Noticed Dowan
  2079 | D:4      | Noticed Duvessa
  2084 | D:4      | Killed Dowan
  2096 | D:4      | HP: 2/41 [Duvessa/+0 rapier (9)]
  2103 | D:4      | Killed Duvessa
  2103 | D:4      | Reached XP level 6. HP: 18/47 MP: 6/6
  2306 | D:4      | Noticed a slave
  2306 | D:4      | Noticed a slave
  2307 | D:4      | Noticed Pikel
  2308 | D:4      | Noticed a slave
  2309 | D:4      | Noticed a slave
  2322 | D:4      | Killed Pikel
  2322 | D:4      | Reached skill level 5 in Maces & Flails
  2322 | D:4      | Gained mutation: A weak demonic guardian rushes to your
                  | aid. [demonic ancestry]
  2322 | D:4      | Reached XP level 7. HP: 39/54 MP: 7/7
  2394 | D:4      | Noticed Ijyb
  2405 | D:4      | Killed Ijyb
  2427 | D:4      | Noticed Edmund
  2432 | D:4      | Slain by Edmund

Levels and vault maps discovered:
D:1:      minmay_arrival_three_doors, layout_loops_cross
D:2:      layout_loops_cross, first_ration, nicolae_dithmenos_shadow_blocks
D:3:      layout_rooms, chequers_ecumenical_altar_grove,
          kennysheep_generic_room_5
D:4:      layout_cave_pools, lemuel_doored_altar, overflow_temple_1_default,
          serial_shops, nicolae_shop_behind_doors, uniq_ijyb, uniq_edmund,
          uniq_pikel, uniq_duvessa

Skill      XL: |  1  2  3  4  5  6 |
---------------+-------------------+-----
Maces & Flails | 3 4 5 |  5.6
Armour         | 1 2 3 |  3.1
Dodging        | 3 |  3.8
Fighting       | 3 4 |  4.3
Throwing       | 2 |  2.0
Unarmed Combat | 2 |  2.1

Action                   |  1- 3 |  4- 6 |  7- 9 || total
-------------------------+-------+-------+-------++-------
Melee: Flail             |    98 |    71 |     8 ||   177
       Kick              |     6 |    20 |     4 ||    30
Throw: Throwing net      |       |     2 |     3 ||     5
Invok: Berserk           |       |     4 |       ||     4
       Trog's Hand       |       |     1 |       ||     1
  Use: Scroll            |     8 |       |     2 ||    10
       Potion            |       |     2 |       ||     2
 Stab: Held in net/web   |       |     1 |     2 ||     3
  Eat: Ration            |     1 |       |     1 ||     2
       Chunk             |       |     4 |       ||     4
Armor: Scale mail        |    59 |    34 |       ||    93
Dodge: Dodged            |    64 |    61 |     2 ||   127
